AoeStats
← MORK

Arena

508118042Analyzed
2v2 RM · 13d ago on Sep 21, 2026· 22m 50s· 4 players
Game mode
Random Map
Map size
Medium (4 player)
Population
200
Speed
Normal
Resources
Standard
Victory
Conquest
Starting age
Dark Age
Ending age
Imperial Age
RankedLock teamsTeams togetherTeam positionsShared explorationLock speedFull tech treeHidden civsTurbo modeCheats
Victory
Defeat
🇨🇳 Turks · China
1115
+16
🇨🇦 Japanese · Canada
1080
+18
🇦🇷 Sicilians · Argentina
1200
-20
🇦🇷 Hindustanis · Argentina
1044
-34
Addicted8763
11:51 Feudal Age
15:54 Castle Age
13:51 Double-Bit Axe
14:03 Horse Collar
14:32 Gold Mining
14:48 Loom
猪队友怕不怕
10:52 Feudal Age
9:26 Loom
11:22 Loom
15:39 Castle Age
14:11 Double-Bit Axe
14:12 Horse Collar
16:47 Bow Saw
18:23 Heavy Plow
kanodavich
11:45 Feudal Age
13:35 Horse Collar
16:50 Castle Age
15:59 Scale Barding Armor
16:55 Double-Bit Axe
18:06 Heavy Plow
18:44 Fletching
19:19 Light Cavalry
20:09 Bloodlines
20:40 Gold Mining
21:12 Bloodlines
MORK
9:56 Feudal Age
12:13 Loom
15:57 Castle Age
15:07 Scale Barding Armor
16:48 Husbandry
18:29 Bloodlines
Connection lost

Rejoining the realm…

Still unreachable

The connection could not be restored.

Session expired

The server has moved on; the page needs a fresh start.